 Dungeon Crawl Stone Soup version 0.23-a0-386-g9c9d49f (webtiles) character file.

200 XanderDroid the Chopper (level 5, -8/47 HPs)
             Began as a Hill Orc Monk on Oct 28, 2018.
             Mangled by an ogre
             ... wielding a +0 giant club
              (27 damage)
             ... on level 3 of the Dungeon.
             The game lasted 00:10:21 (3467 turns).

XanderDroid the Chopper (Hill Orc Monk)             Turns: 3467, Time: 00:10:22

Health: -8/47      AC:  5    Str: 15    XL:     5   Next: 79%
Magic:  5/5        EV: 11    Int: 10    God:
Gold:   124        SH:  0    Dex: 13    Spells: 4/4 levels left

rFire    . . .     SeeInvis .   a - +0 hand axe
rCold    . . .     Gourm    .   (no shield)
rNeg     . . .     Faith    .   t - +0 ring mail
rPois    .         Spirit   .   (no helmet)
rElec    .         Reflect  .   (no cloak)
rCorr    .         Harm     .   (no gloves)
MR       .....                  (no boots)
Stlth    +.........             (no amulet)
HPRegen  0.15/turn              k - ring of flight
MPRegen  0.09/turn              (no ring)

@: no status effects
A: no striking features
a: Evoke Flight


You were on level 3 of the Dungeon.
You were not hungry.

You visited 1 branch of the dungeon, and saw 4 of its levels.

You collected 124 gold pieces.

Inventory:

Hand Weapons
 a - a +0 hand axe (weapon)
Armour
 t - a +0 ring mail (worn)
Jewellery
 k - a ring of flight (left hand)
Scrolls
 b - 4 scrolls of identify {unknown}
 d - a scroll of enchant armour {unknown}
 f - a scroll of teleportation {unknown}
 h - 3 scrolls of immolation {unknown}
 j - 5 scrolls of remove curse {unknown}
 m - 2 scrolls of fear {unknown}
 n - 2 scrolls of blinking {unknown}
 o - a scroll of magic mapping {unknown}
 p - a scroll of amnesia {unknown}
 q - a scroll of enchant weapon {unknown}
Potions
 e - 2 potions of ambrosia {unknown}
 g - a potion of agility
 i - 2 potions of curing
 l - a potion of heal wounds {unknown}
 s - a potion of haste {unknown}
 u - a potion of lignification {unknown}
 v - 2 potions of might {unknown}
Comestibles
 c - 5 rations


   Skills:
 + Level 4.8 Fighting
 * Level 6.5 Axes
 + Level 2.6 Armour
 - Level 2.4 Dodging
 - Level 1.5 Stealth


You had 4 spell levels left.
You didn't know any spells.
Your spell library was empty.

Dungeon Overview and Level Annotations

Branches:
Dungeon (4/15)
 Temple: D:4-7

Altars:
The Shining One

Annotations:
D:3 2 transporters, RoseArtemis's ghost, amateur SpEn


Message History

The ogre is moderately wounded.
An orc comes into view. It is wielding a +0 hand axe.
You barely miss the ogre.
The ogre is moderately wounded.
The ogre misses you.
You hit the ogre.
The ogre is moderately wounded.
The ogre hits you with a +0 giant club!
You slash the ogre!
The ogre is severely wounded.
The ogre hits you with a +0 giant club!!
* * * LOW HITPOINT WARNING * * *
All of the chunks of flesh in your inventory have rotted away.
You climb upwards.
Level annotation: 2 transporters, RoseArtemis's ghost, amateur SpEn
There is a stone staircase leading down, spattered with blood here.
You feel better.
The ogre hits you with a +0 giant club!!
Ouch! That really hurt!
You die...

######## #....# #....###
########## #.......
#........# #....###
#........# ##.#.#.#
#........# ##.#.#.
#........############.#.#.#
#[........@[.........#.#.#.
#........#O.........[.#.#.#
######.###############.#.#.
##### #....# #.#.#.# #...#
####.# ##.#.#. #...#
#.###########.#.#.# #...#
#..............#.#. #...##
#.......########..# #....#
#.......# ....O#.#.


You could see an ogre.

Vanquished Creatures
  A howler monkey (D:3)
  An orc wizard (D:3)
  A worker ant (D:3)
  A hound skeleton (D:4)
  4 adders
  An ooze (D:2)
  3 worms (D:2)
  2 dart slugs
  A leopard gecko (D:1)
  2 orcs (D:3)
  5 giant cockroaches
  5 hobgoblins
  A quokka (D:2)
  2 bats
  5 frilled lizards
  6 goblins
  5 kobolds
  6 rats
52 creatures vanquished.

Notes
Turn   | Place    | Note
-------+----------+-------------------------------------------
     0 | D:1      | XanderDroid the Hill Orc Monk began the quest for the Orb.
     0 | D:1      | Reached XP level 1. HP: 19/19 MP: 1/1
    49 | D:1      | Reached XP level 2. HP: 24/27 MP: 2/2
   102 | D:1      | Found a glowing golden altar of the Shining One.
   271 | D:1      | Reached skill level 1 in Armour
   781 | D:2      | Reached XP level 3. HP: 23/33 MP: 3/3
   784 | D:2      | Reached skill level 5 in Axes
  1340 | D:2      | Reached XP level 4. HP: 34/40 MP: 4/4
  1902 | D:3      | HP: 2/40 [poisoned by a worker ant]
  2202 | D:3      | Found a transporter.
  2207 | D:3      | Noticed an ogre
  2207 | D:3      | Noticed an ogre
  2208 | D:3      | Noticed RoseArtemis's ghost (amateur SpEn)
  2209 | D:3      | Found a transporter.
  2831 | D:3      | Reached XP level 5. HP: 47/47 MP: 5/5
  3029 | D:3      | Reached skill level 6 in Axes
  3226 | D:4      | Noticed an ogre
  3467 | D:3      | Mangled by an ogre

Vault maps used:
D:1:      mrwooster_arrival_statue_2, tso_metal_star
D:2:      grunt_ministairs_9, minmay_pentomino_w2
D:3:      gammafunk_ghost_smash
D:4:      minivault_27, minivault_24

Skill      XL: |  1  2  3  4  5 |
---------------+----------------+-----
Armour         | 1 2 |  2.6
Fighting       | 4 |  4.8
Axes           | 5 6 |  6.5
Dodging        | |  2.4
Stealth        | |  1.5

Action                   |  1- 3 |  4- 6 || total
-------------------------+-------+-------++-------
Melee: Hand axe          |    85 |   119 ||   204
  Use: Potion            |       |     3 ||     3
 Stab: Sleeping          |     1 |       ||     1
  Eat: Chunk             |     1 |     5 ||     6
       Ration            |       |     1 ||     1
Armor: Robe              |     1 |       ||     1
       Leather armour    |     8 |    14 ||    22
       Chain mail        |       |    29 ||    29
       Ring mail         |       |     1 ||     1
Dodge: Dodged            |    48 |    55 ||   103

Table legend:
 A = Non-vault XP
 B = Vault XP
 C = Vault XP percentage of total XP
 D = Non-vault monster count
 E = Vault monster count
 F = Vault count percentage of total count
                 A         B        C        D         E       F
            +---------+---------+-------+---------+---------+-------
      Total |     261 |      26 |   9.1 |      50 |       2 |   3.8
            +---------+---------+-------+---------+---------+-------
        D:1 |      29 |       0 |   0.0 |      19 |       0 |   0.0
        D:2 |      46 |      26 |  36.1 |      12 |       2 |  14.3
        D:3 |     166 |       0 |   0.0 |      17 |       0 |   0.0
        D:4 |      20 |       0 |   0.0 |       2 |       0 |   0.0
            +---------+---------+-------+---------+---------+-------
